 Dungeon Crawl Stone Soup version 0.26-a0-707-g31817bcca1 (webtiles) character file.

Game seed: 16891017318121193243

18 dickylongcocking the Ducker (level 2, 0/14 HPs)
             Began as a Spriggan Gladiator on Oct 26, 2020.
             Succumbed to an adder's poison
             ... on level 3 of the Dungeon.
             The game lasted 00:00:30 (525 turns).

dickylongcocking the Ducker (Spriggan Gladiator)     Turns: 525, Time: 00:00:31

Health: 0/14       AC:  2    Str: 10    XL:     2   Next: 51%
Magic:  3/3        EV: 20    Int:  9    God:
Gold:   0          SH:  0    Dex: 17    Spells: 1/1 levels left

rFire    . . .     SeeInvis +   a - +0 quarterstaff
rCold    . . .     Faith    .   (shield currently unavailable)
rNeg     . . .     Spirit   .   b - +0 robe
rPois    .         Reflect  .   c - +0 hat
rElec    .         Harm     .   (no cloak)
rCorr    .         Rampage  .   (gloves unavailable)
MR       .....                  (boots unavailable)
Stlth    ++........             (no amulet)
HPRegen  0.04/turn              (no ring)
MPRegen  0.08/turn              (no ring)

@: brilliant, lethally poisoned (0 -> -11), very quick
A: very small, unfitting armour, see invisible, speed 3
a: no special abilities


You were on level 3 of the Dungeon.
You visited 1 branch of the dungeon, and saw 3 of its levels.

Inventory:

Hand Weapons
 a - a +0 quarterstaff (weapon)
Missiles
 h - 17 arrows
Armour
 b - a +0 robe (worn)
 c - a +0 hat (worn)
Scrolls
 f - a scroll of remove curse {unknown}
 g - 2 scrolls of amnesia {unknown}
 i - a scroll of identify {unknown}


   Skills:
 - Level 1.6 Fighting
 * Level 2.8 Staves
 - Level 2.0 Throwing
 - Level 4.5 Dodging


You had one spell level left.
You didn't know any spells.
Your spell library was empty.

Dungeon Overview and Level Annotations

Branches:
Dungeon (3/15)

Altars:


Innate Abilities, Weirdness & Mutations

You are very small and have problems with some larger weapons.
You are too small for most types of armour.
You have supernaturally acute eyesight. (SInv)
You cover ground extremely quickly.


Message History

You aren't carrying any potions.
Unknown command.
You sock the adder!
You kill the adder!
* * * LOW HITPOINT WARNING * * *
You feel sick.
Unknown command.
* * * LOW HITPOINT WARNING * * *
You feel sick.
Unknown command.
There is a lethal amount of poison in your body!
There is a lethal amount of poison in your body!
There is a lethal amount of poison in your body!
You see here 2 scrolls labeled NACVYOSHIL.
* * * LOW HITPOINT WARNING * * *
You feel sick.
You see here a metallic coppery potion.
It was a potion of brilliance.
You feel clever all of a sudden.
You die...

#.###..#.##### #.
#........# #. #.###..###
#.# #......# #.# #####.##
#.# #.# #.# #.# ###.##
#.#### ##.#.@### #....##
#
####.......#######...####
+(......?...............+
####.$.#.#.#######...####
##.##.#.# ##.## # ...
..#.# .# #.#.####.# .#
#.#. ..# .# # ## ### $#


There were no monsters in sight!

Vanquished Creatures
  An adder (D:3)
  A leopard gecko (D:2)
  3 goblins
  A quokka (D:3)
  A bat (D:3)
  A kobold (D:3)
  A rat (D:3)
9 creatures vanquished.

Notes
Turn   | Place    | Note
-------+----------+-------------------------------------------
     0 | D:1      | dickylongcocking the Spriggan Gladiator began the quest for
                  | the Orb.
     0 | D:1      | Reached XP level 1. HP: 10/10 MP: 2/2
   467 | D:3      | Reached XP level 2. HP: 14/14 MP: 3/3
   525 | D:3      | Succumbed to an adder's poison

Illustrated notes

Levels and vault maps discovered:
D:1:      nicolae_arrival_washed_ashore, layout_basic
D:2:      layout_basic
D:3:      layout_loops_corners

Action                   || total
-------------------------++-------
Melee: Quarterstaff      ||    41
Throw: Throwing net      ||     3
  Use: Potion            ||     2
 Stab: Sleeping          ||     1
Armor: Robe              ||     3
Dodge: Dodged            ||    45

Table legend: (Time is in decaauts)
 A = Elapsed time spent in this place.
 B = Non-inter-level travel time spent in this place.
 C = Inter-level travel time spent in this place.
 D = Time resting spent in this place.
 E = Time spent auto-exploring this place.
 F = Levels seen in this place.
 G = Mean time per level.
                   A        B        C        D        E       F      G
               +--------+--------+--------+--------+--------+-----+--------+
         Total |    458 |    457 |      1 |    283 |     76 |   3 |  152.7 |
       Dungeon |    458 |    457 |      1 |    283 |     76 |   3 |  152.7 |
               +--------+--------+--------+--------+--------+-----+--------+

Top non-repeatable levels by time:
     D:2: 314 daAuts
     D:3: 84 daAuts
     D:1: 59 daAuts
